 Dungeon Crawl Stone Soup version 0.28.0-43-g3370ac3207 (webtiles) character file.

Game seed: 5127935409728765931

334 themarg the Magician (level 6, -1/79 HPs)
             Began as a Gnoll Wanderer on Mar 22, 2022.
             Was a Follower of Makhleb.
             Slain by a phantom (3 damage)
             ... on level 3 of the Dungeon.
             The game lasted 00:10:04 (3408 turns).

themarg the Magician (Gnoll Wanderer)               Turns: 3408, Time: 00:10:04

Health: -1/79      AC: 23    Str: 10    XL:     6   Next: 53%
Magic:  14/14      EV:  2    Int:  7    God:    Makhleb [*.....]
Gold:   234        SH:  0    Dex: 17    Spells: 18/19 levels left

rFire   . . .      SeeInvis .   a - +3 hand axe
rCold   . . .      Faith    .   (no shield)
rNeg    . . .      Spirit   .   (armour currently unavailable)
rPois   +          Reflect  .   (helmet currently unavailable)
rElec   .          Harm     .   (cloak currently unavailable)
rCorr   .          Rampage  .   (gloves currently unavailable)
Will    .....      NoTele   +   (boots currently unavailable)
Stlth   ++........              (no amulet)
HPRegen 0.23/turn               (no ring)
MPRegen 0.14/turn               (no ring)

@: tree-form
A: stationary, stasis, torment immunity, boosted hp, (fangs 1), strong nose,
distributed training, dopey 1, low MP 1, evolution 1
a: Renounce Religion


You were on level 3 of the Dungeon.
You worshipped Makhleb.
Makhleb was aware of your devotion.
You were a tree.
You visited 1 branch of the dungeon, and saw 4 of its levels.

You collected 234 gold pieces.

Inventory:

Hand Weapons
 a - a +3 hand axe (weapon)
Missiles
 j - 5 curare-tipped darts
 k - 43 stones
 o - 10 boomerangs
 q - 3 poisoned darts
Armour
 b - a +0 leather armour (melded)
 l - a +0 chain mail
 r - a +0 pair of gloves (melded)
 u - a +0 pair of boots (melded)
Scrolls
 c - a scroll of fear {unknown}
 d - 2 scrolls of identify {unknown}
 g - a scroll of blinking {unknown}
 i - a scroll of fog
 m - a scroll of teleportation {unknown}
 n - a scroll of summoning {unknown}
 p - a scroll of silence {unknown}
Potions
 e - a potion of mutation
 f - 2 potions of haste {unknown}
 h - a potion of degeneration {unknown}
 s - a potion of curing {unknown}
 t - a potion of attraction {unknown}
 v - a potion of lignification


   Skills:
 + Level 6.8 Fighting
 + Level 2.0 Short Blades
 + Level 2.0 Long Blades
 + Level 5.0 Axes
 + Level 2.0 Maces & Flails
 + Level 2.0 Polearms
 + Level 2.0 Staves
 + Level 2.0 Slings
 + Level 2.0 Bows
 + Level 2.0 Crossbows
 + Level 2.0 Throwing
 + Level 2.0 Armour
 + Level 2.0 Dodging
 + Level 3.1 Stealth
 + Level 2.0 Shields
 + Level 2.0 Unarmed Combat
 + Level 7.4 Spellcasting
 + Level 1.5 Conjurations
 + Level 1.5 Hexes
 + Level 1.5 Summonings
 + Level 1.5 Necromancy
 + Level 1.5 Translocations
 + Level 1.5 Transmutations
 + Level 1.5 Fire Magic
 + Level 1.5 Ice Magic
 + Level 1.5 Air Magic
 + Level 1.5 Earth Magic
 + Level 1.5 Poison Magic
 + Level 2.2 Invocations
 + Level 3.2 Evocations


You had 18 spell levels left.
You knew the following spells:

 Your Spells              Type           Power      Damage    Failure   Level
a - Sting                 Tmut/Pois      16%        1d3       12%         1

Your spell library contained the following spells:

 Spells                   Type           Power      Damage    Failure   Level
 Mephitic Cloud           Conj/Pois/Air  4%         N/A       34%         3


Dungeon Overview and Level Annotations

Branches:
Dungeon (4/15)
 Temple: D:4-7

Altars:
Makhleb
The Shining One

Shops:
D:3 [

Annotations:
D:4 2 transporters, mortz's ghost, novice DjFE


Innate Abilities, Weirdness & Mutations

You are a tree.
Your roots penetrate the ground, keeping you stationary.
You cannot be teleported.
You are immune to unholy pain and torment.
Your maximum health is greatly increased.
Your equipment is partially melded.
((You have very sharp teeth.))
Your uncanny sense of smell can sniff out nearby items.
Your experience applies equally to all skills.
You are dopey. (Int -2)
Your magical capacity is low. (-10% MP)
You have hidden genetic potential.


Message History

You closely miss the phantom.
The phantom is heavily damaged.
The phantom hits you.
* * * LOW HITPOINT WARNING * * *
The phantom hits you.
* * * LOW HITPOINT WARNING * * *
The phantom blinks!
You blink.
The phantom hits you.
* * * LOW HITPOINT WARNING * * *
There is a stone staircase leading up here.
The phantom misses you.
You climb upwards.
There is a stone staircase leading down here.
You aren't carrying any items that you can evoke.
The phantom hits you.
* * * LOW HITPOINT WARNING * * *
There is an escape hatch in the floor here.
You hit the phantom.
The phantom is heavily damaged.
The phantom hits you.
* * * LOW HITPOINT WARNING * * *
The phantom blinks!
You blink.
You closely miss the phantom.
The phantom is heavily damaged.
The phantom hits you.
* * * LOW HITPOINT WARNING * * *
It was a potion of mutation.
You feel extremely strange.
You feel less energetic.
You feel a hidden potential growing inside you.
You feel stupid. The phantom barely misses you.
It was a potion of lignification.
You turn into a tree.
Your +0 pair of gloves melds into your body.
Your +0 pair of boots melds into your body.
Your +0 leather armour melds into your body.
Your roots penetrate the ground.
The phantom barely misses you.
You hit the phantom.
The phantom is severely damaged.
The phantom hits you.
You die...

#####
#############...#
#.♣.>...........#
#W######.#####..###
#........#...#.....
#.)####..#...#..###
#..###...#...#.....
#......##÷###.##...
#.##...#.#...#)#...
#>...##)##...##.##.
##...#.#.......#.#.


You could see a phantom.

Vanquished Creatures
  A sky beast (D:3)
  2 orc priests (D:3)
  An orc wizard (D:3)
  6 adders
  An ufetubus (D:4)
  An adder skeleton (D:4)
  2 worms (D:3)
  A dart slug (D:1)
  7 orcs (D:3)
  2 ball pythons (D:1)
  7 bats
  9 endoplasms
  3 goblins
  7 hobgoblins
  8 jackals (D:1)
  9 kobolds
  6 quokkas
  3 frilled lizards
  A quokka skeleton (D:4)
  3 rats
80 creatures vanquished.

Vanquished Creatures (others)
  2 plants (D:3)
2 creatures vanquished.

Grand Total: 82 creatures vanquished

Notes
Turn   | Place    | Note
-------+----------+-------------------------------------------
     0 | D:1      | themarg the Gnoll Wanderer began the quest for the Orb.
     0 | D:1      | themarg set off with the following items: a +3 hand axe, a
                  | +0 leather armour; and the following spell memorised:
                  | Sting; and the following spells available to memorise:
                  | Mephitic Cloud
     0 | D:1      | Reached XP level 1. HP: 23/23 MP: 8/8
   170 | D:1      | Reached XP level 2. HP: 21/29 MP: 10/10
   460 | D:1      | Reached XP level 3. HP: 17/35 MP: 11/11
   765 | D:1      | Reached skill level 1 in Invocations
  1082 | D:2      | Reached skill level 1 in Short Blades
  1082 | D:2      | Reached skill level 1 in Long Blades
  1082 | D:2      | Reached skill level 1 in Maces & Flails
  1082 | D:2      | Reached skill level 1 in Polearms
  1082 | D:2      | Reached skill level 1 in Staves
  1082 | D:2      | Reached skill level 1 in Slings
  1082 | D:2      | Reached skill level 1 in Bows
  1082 | D:2      | Reached skill level 1 in Crossbows
  1082 | D:2      | Reached skill level 1 in Throwing
  1082 | D:2      | Reached skill level 1 in Armour
  1082 | D:2      | Reached skill level 1 in Dodging
  1082 | D:2      | Reached skill level 1 in Shields
  1082 | D:2      | Reached skill level 1 in Unarmed Combat
  1082 | D:2      | Reached XP level 4. HP: 35/41 MP: 13/13
  1439 | D:2      | Reached skill level 1 in Conjurations
  1439 | D:2      | Reached skill level 1 in Hexes
  1439 | D:2      | Reached skill level 1 in Summonings
  1439 | D:2      | Reached skill level 1 in Necromancy
  1439 | D:2      | Reached skill level 1 in Translocations
  1439 | D:2      | Reached skill level 1 in Transmutations
  1439 | D:2      | Reached skill level 1 in Fire Magic
  1439 | D:2      | Reached skill level 1 in Ice Magic
  1439 | D:2      | Reached skill level 1 in Air Magic
  1439 | D:2      | Reached skill level 1 in Earth Magic
  1439 | D:2      | Reached skill level 1 in Poison Magic
  1819 | D:3      | Reached XP level 5. HP: 33/47 MP: 14/14
  2209 | D:3      | Noticed a sky beast
  2217 | D:3      | Killed a sky beast
  2218 | D:3      | Reached XP level 6. HP: 37/53 MP: 16/16
  2415 | D:3      | Found a faded altar of an unknown god.
  2441 | D:3      | Prayed at the altar of an unknown god.
  2441 | D:3      | Became a worshipper of Makhleb the Destroyer
  2441 | D:3      | Reached * piety under Makhleb
  2695 | D:3      | Reached skill level 5 in Axes
  2910 | D:3      | Found a glowing golden altar of the Shining One.
  2985 | D:3      | Found Cutyat Yso's Antique Armour Shop.
  3112 | D:4      | Found a transporter.
  3121 | D:4      | Found a transporter.
  3121 | D:4      | Noticed mortz's ghost (novice DjFE)
  3405 | D:3      | HP: 1/53 [phantom (3)]
  3406 | D:3      | Gained mutation: Your magical capacity is low. (-10% MP)
                  | [potion of mutation]
  3406 | D:3      | Gained mutation: You have hidden genetic potential. [potion
                  | of mutation]
  3406 | D:3      | Gained mutation: You are dopey. (Int -2) [potion of
                  | mutation]
  3408 | D:3      | Slain by a phantom

Illustrated notes

Levels and vault maps discovered:
D:1:      amcnicky_arrival_gap_in_the_tavern_cellar, layout_basic,
          minmay_pentomino_w4
D:2:      layout_basic
D:3:      layout_basic, nicolae_tso_carved_into_rock, serial_shops, shop,
          shapermc_ecumenical_altar_ellora, minmay_vboxes
D:4:      layout_rooms, gammafunk_temple_overflow_pools,
          minmay_temple_entry_statues_fountains, gammafunk_ghost_arena,
          hangedman_abyss_or_decor_stagger

Skill      XL: |  1  2  3  4  5  6 |
---------------+-------------------+-----
Invocations    | 1 2 |  2.2
Short Blades   | 1 2 |  2.0
Long Blades    | 1 2 |  2.0
Maces & Flails | 1 2 |  2.0
Polearms       | 1 2 |  2.0
Staves         | 1 2 |  2.0
Slings         | 1 2 |  2.0
Bows           | 1 2 |  2.0
Crossbows      | 1 2 |  2.0
Throwing       | 1 2 |  2.0
Armour         | 1 2 |  2.0
Dodging        | 1 2 |  2.0
Shields        | 1 2 |  2.0
Unarmed Combat | 1 2 |  2.0
Conjurations   | 1 |  1.5
Hexes          | 1 |  1.5
Summonings     | 1 |  1.5
Necromancy     | 1 |  1.5
Translocations | 1 |  1.5
Transmutations | 1 |  1.5
Fire Magic     | 1 |  1.5
Ice Magic      | 1 |  1.5
Air Magic      | 1 |  1.5
Earth Magic    | 1 |  1.5
Poison Magic   | 1 |  1.5
Evocations     | 3 |  3.2
Stealth        | 3 |  3.1
Axes           | 5 |  5.0
Fighting       | |  6.8
Spellcasting   | |  7.4

Action                   |  1- 3 |  4- 6 || total
-------------------------+-------+-------++-------
Melee: Hand axe          |    77 |   173 ||   250
       Bite              |     3 |    22 ||    25
       Punch             |       |     2 ||     2
  Use: Potion            |       |     2 ||     2
       Scroll            |       |     1 ||     1
 Stab: Sleeping          |     4 |     3 ||     7
Armor: Leather armour    |    26 |    35 ||    61
Dodge: Dodged            |    37 |    85 ||   122
